Workbook
Name \P: #REF!
Name SOUTHBAY35: [1]retstrws!$A$94:$S$94

Sheet Estimate
A1: PERS Summary Report - Estimate
A2: Unit Name:
A3: Unit Number:
A4: Fiscal year: | B4: 2026 - 2027
A5: Report Period: | B5: JULY 2026
A8: Classic
A9: Service Period | B9: Member Earnings | C9: Member Contributions | D9: SCP (tax-deferred) | E9: SCP (normal) | F9: Total Member Contributions | G9: Employer Rate | H9: Employer Contributions | I9: Total Member/ER contribs | J9: Estimate Payment | K9: Balance Due
A10: Fiscal Year 2019-2020 | G10: 0.19721 | H10: =B10*G10 -> 0
A11: Fiscal Year 2020-2021 | G11: 0.207 | H11: =B11*G11 -> 0
A12: Fiscal Year 2021-2022 | G12: 0.2291 | H12: =B12*G12 -> 0
A13: Fiscal Year 2022-2023 | G13: 0.2537 | H13: =B13*G13 -> 0
A14: Fiscal Year 2023-2024 | G14: 0.2668 | H14: =B14*G14 -> 0
A15: Fiscal Year 2024-2025 | G15: 0.2705 | H15: =B15*G15 -> 0
A16: Fiscal Year 2025-2026 | G16: 0.2681 | H16: =B16*G16 -> 0
A17: Fiscal Year 2026-2027 | G17: 0.264 | H17: =B17*G17 -> 0
B18: =SUM(B10:B17) -> 0 | C18: =SUM(C10:C17) -> 0 | D18: =SUM(D10:D17) -> 0 | E18: =SUM(E10:E17) -> 0 | F18: =SUM(F10:F17) -> 0 | H18: =SUM(H10:H17) -> 0 | I18: =SUM(I10:I17) -> 0 | J18: =SUM(J10:J17) -> 0 | K18: =SUM(K10:K17) -> 0
A23: PEPRA
A24: Service Period | B24: Member Earnings | C24: Member Contributions | D24: SCP (tax-deferred) | E24: SCP (normal) | F24: Total Member Contributions | G24: Employer Rate | H24: Employer Contributions | I24: Total Member/ER contribs | J24: Estimate Payment | K24: Balance Due
A25: =A10 -> Fiscal Year 2019-2020 | G25: =G10 -> 0.19721 | H25: =B25*G25 -> 0
A26: =A11 -> Fiscal Year 2020-2021 | G26: =G11 -> 0.207 | H26: =B26*G26 -> 0
A27: =A12 -> Fiscal Year 2021-2022 | G27: =G12 -> 0.2291 | H27: =B27*G27 -> 0
A28: Fiscal Year 2022-2023 | G28: 0.2537 | H28: =B28*G28 -> 0
A29: Fiscal Year 2023-2024 | G29: 0.2668 | H29: =B29*G29 -> 0
A30: Fiscal Year 2024-2025 | G30: 0.2705 | H30: =B30*G30 -> 0
A31: Fiscal Year 2025-2026 | G31: 0.2681 | H31: =B31*G31 -> 0
A32: Fiscal Year 2026-2027 | G32: 0.264 | H32: =B32*G32 -> 0
B33: =SUM(B25:B32) -> 0 | C33: =SUM(C25:C32) -> 0 | D33: =SUM(D25:D32) -> 0 | E33: =SUM(E25:E32) -> 0 | F33: =SUM(F25:F32) -> 0 | H33: =SUM(H25:H32) -> 0 | I33: =SUM(I25:I32) -> 0 | J33: =SUM(J25:J32) -> 0 | K33: =SUM(K25:K32) -> 0
A37: Grand Totals: | B37: =+B18+B33 -> 0 | C37: =+C18+C33 -> 0 | D37: =+D18+D33 -> 0 | E37: =+E18+E33 -> 0 | F37: =+F18+F33 -> 0 | H37: =+H18+H33 -> 0 | I37: =+I18+I33 -> 0 | J37: =+J18+J33 -> 0 | K37: =+K18+K33 -> 0

Sheet Final
A1: PERS Summary Report - Final
A2: Unit Name:
A3: Unit Number:
A4: Fiscal year: | B4: 2026 - 2027
A5: Report Period: | B5: JULY 2026
A8: Classic
A9: Service Period | B9: Member Earnings | C9: EE Contribs | D9: SCP (tax-deferred) | E9: SCP (normal) | F9: Total EE Contribs | G9: Employer Rate | H9: ER Contribs | I9: Total EE/ER Contribs | J9: Estimate Payment | K9: Balance Due
A10: Fiscal Year 2019-2020 | F10: =C10+D10+E10 -> 0 | G10: 0.19721 | H10: =B10*G10 -> 0 | I10: =F10+H10 -> 0 | J10: =Estimate!J10*-1 -> 0 | K10: =SUM(I10+J10) -> 0
A11: Fiscal Year 2020-2021 | F11: =C11+D11+E11 -> 0 | G11: 0.207 | H11: =B11*G11 -> 0 | I11: =F11+H11 -> 0 | J11: =Estimate!J11*-1 -> 0 | K11: =SUM(I11+J11) -> 0
A12: Fiscal Year 2021-2022 | F12: =C12+D12+E12 -> 0 | G12: 0.2291 | H12: =B12*G12 -> 0 | I12: =F12+H12 -> 0 | J12: =Estimate!J12*-1 -> 0 | K12: =SUM(I12+J12) -> 0
A13: Fiscal Year 2022-2023 | F13: =C13+D13+E13 -> 0 | G13: 0.2537 | H13: =B13*G13 -> 0 | I13: =F13+H13 -> 0 | J13: =Estimate!J13*-1 -> 0 | K13: =SUM(I13+J13) -> 0
A14: Fiscal Year 2023-2024 | F14: =C14+D14+E14 -> 0 | G14: 0.2668 | H14: =B14*G14 -> 0 | I14: =F14+H14 -> 0 | J14: =Estimate!J14*-1 -> 0 | K14: =SUM(I14+J14) -> 0
A15: Fiscal Year 2024-2025 | F15: =C15+D15+E15 -> 0 | G15: 0.2705 | H15: =B15*G15 -> 0 | I15: =F15+H15 -> 0 | J15: =Estimate!J15*-1 -> 0 | K15: =SUM(I15+J15) -> 0
A16: Fiscal Year 2025-2026 | F16: =C16+D16+E16 -> 0 | G16: 0.2681 | H16: =B16*G16 -> 0 | I16: =F16+H16 -> 0 | J16: =Estimate!J16*-1 -> 0 | K16: =SUM(I16+J16) -> 0
A17: Fiscal Year 2025-2026 | F17: =C17+D17+E17 -> 0 | G17: 0.264 | H17: =B17*G17 -> 0 | I17: =F17+H17 -> 0 | J17: =Estimate!J17*-1 -> 0 | K17: =SUM(I17+J17) -> 0
B18: =SUM(B10:B17) -> 0 | C18: =SUM(C10:C17) -> 0 | D18: =SUM(D10:D17) -> 0 | E18: =SUM(E10:E17) -> 0 | F18: =SUM(F10:F17) -> 0 | H18: =SUM(H10:H17) -> 0 | I18: =SUM(I10:I17) -> 0 | J18: =SUM(J10:J17) -> 0 | K18: =SUM(K10:K17) -> 0
A23: PEPRA
A24: Service Period | B24: Member Earnings | C24: EE Contribs | D24: SCP (tax-deferred) | E24: SCP (normal) | F24: Total EE Contribs | G24: Employer Rate | H24: ER Contribs | I24: Total EE/ER Contribs | J24: Estimate Payment | K24: Balance Due
A25: =A10 -> Fiscal Year 2019-2020 | F25: =C25+D25+E25 -> 0 | G25: =+G10 -> 0.19721 | H25: =B25*G25 -> 0 | I25: =F25+H25 -> 0 | J25: =Estimate!J25*-1 -> 0 | K25: =SUM(I25+J25) -> 0
A26: =A11 -> Fiscal Year 2020-2021 | F26: =C26+D26+E26 -> 0 | G26: =+G11 -> 0.207 | H26: =B26*G26 -> 0 | I26: =F26+H26 -> 0 | J26: =Estimate!J26*-1 -> 0 | K26: =SUM(I26+J26) -> 0
A27: =A12 -> Fiscal Year 2021-2022 | F27: =C27+D27+E27 -> 0 | G27: =+G12 -> 0.2291 | H27: =B27*G27 -> 0 | I27: =F27+H27 -> 0 | J27: =Estimate!J27*-1 -> 0 | K27: =SUM(I27+J27) -> 0
A28: Fiscal Year 2022-2023 | F28: =C28+D28+E28 -> 0 | G28: =+G13 -> 0.2537 | H28: =B28*G28 -> 0 | I28: =F28+H28 -> 0 | J28: =Estimate!J28*-1 -> 0 | K28: =SUM(I28+J28) -> 0
A29: Fiscal Year 2023-2024 | F29: =C29+D29+E29 -> 0 | G29: =+G14 -> 0.2668 | H29: =B29*G29 -> 0 | I29: =F29+H29 -> 0 | J29: =Estimate!J29*-1 -> 0 | K29: =SUM(I29+J29) -> 0
A30: Fiscal Year 2024-2025 | F30: =C30+D30+E30 -> 0 | G30: =+G15 -> 0.2705 | H30: =B30*G30 -> 0 | I30: =F30+H30 -> 0 | J30: =Estimate!J30*-1 -> 0 | K30: =SUM(I30+J30) -> 0
A31: Fiscal Year 2025-2026 | F31: =C31+D31+E31 -> 0 | G31: =+G16 -> 0.2681 | H31: =B31*G31 -> 0 | I31: =F31+H31 -> 0 | J31: =Estimate!J31*-1 -> 0 | K31: =SUM(I31+J31) -> 0
A32: Fiscal Year 2025-2026 | F32: =C32+D32+E32 -> 0 | G32: =+G17 -> 0.264 | H32: =B32*G32 -> 0 | I32: =F32+H32 -> 0 | J32: =Estimate!J32*-1 -> 0 | K32: =SUM(I32+J32) -> 0
B33: =SUM(B25:B32) -> 0 | C33: =SUM(C25:C32) -> 0 | D33: =SUM(D25:D32) -> 0 | E33: =SUM(E25:E32) -> 0 | F33: =SUM(F25:F32) -> 0 | H33: =SUM(H25:H32) -> 0 | I33: =SUM(I25:I32) -> 0 | J33: =SUM(J25:J32) -> 0 | K33: =SUM(K25:K32) -> 0
A37: Grand Totals: | B37: =B18+B33 -> 0 | C37: =C18+C33 -> 0 | D37: =D18+D33 -> 0 | E37: =E18+E33 -> 0 | F37: =F18+F33 -> 0 | H37: =H18+H33 -> 0 | I37: =I18+I33 -> 0 | J37: =J18+J33 -> 0 | K37: =K18+K33 -> 0
